 Dungeon Crawl Stone Soup version 0.21.1-1-g345015f (webtiles) character file.

58 prawnwizard the Magician (level 4, -1/32 HPs)
             Began as a Gnoll Wizard on July 7, 2018.
             Succumbed to rgaf's ghost's poison
             ... on level 3 of the Dungeon.
             The game lasted 00:02:52 (2542 turns).

prawnwizard the Magician (Gnoll Wizard)             Turns: 2542, Time: 00:02:53

Health: -1/32      AC:  2    Str:  9    XL:     4   Next: 2%
Magic:  2/13       EV: 15    Int: 21    God:
Gold:   93         SH:  0    Dex: 17    Spells: 16/17 levels left

rFire    . . .     SeeInvis .     - Unarmed
rCold    . . .     Gourm    .   (no shield)
rNeg     . . .     Faith    .   i - +0 robe (curse)
rPois    .         Spirit   .   b - +0 hat
rElec    .         Reflect  .   (no cloak)
rCorr    .         Harm     .   (no gloves)
MR       .....                  (no boots)
Stlth    +++.......             (no amulet)
HPRegen  0.10/turn              e - +3 ring of dexterity
MPRegen  0.13/turn              (no ring)

@: lethally poisoned (-1 -> -17)
A: distributed training, fangs 1, strong nose
a: no special abilities


You were on level 3 of the Dungeon.
You were not hungry.

You visited 1 branch of the dungeon, and saw 3 of its levels.

You collected 93 gold pieces.

Inventory:

Armour
 a - a +0 robe
 b - a +0 hat (worn)
 i - a cursed +0 robe (worn)
Jewellery
 e - a +3 ring of dexterity (left hand)
 p - an uncursed ring of wizardry {unknown}
Scrolls
 g - 3 scrolls of teleportation {unknown}
 h - 5 scrolls of enchant weapon {unknown}
 k - a scroll of identify {unknown}
 l - a scroll of magic mapping {unknown}
 m - a scroll of enchant armour {unknown}
 o - 3 scrolls of remove curse {unknown}
 q - 4 scrolls of fog {unknown}
 s - a scroll of fear {unknown}
 u - a scroll of immolation {unknown}
Potions
 f - 2 potions of heal wounds {unknown}
 j - a potion of lignification {unknown}
 n - a potion of brilliance {unknown}
 t - a potion of curing {unknown}
 v - a potion of ambrosia {unknown}
Books
 c - a book of Minor Magic

   Spells                             Type                      Level
   a - Magic Dart                     Conjuration                  1
   b - Blink                          Translocation                2
   c - Call Imp                       Summoning                    2
   d - Slow                           Hexes                        2
   e - Conjure Flame                  Conjuration/Fire             3
   f - Mephitic Cloud                 Conjuration/Poison/Air       3
Comestibles
 d - 3 rations
 r - a chunk of flesh


   Skills:
 + Level 1.0 Fighting
 + Level 1.0 Short Blades
 + Level 1.0 Long Blades
 + Level 1.0 Axes
 + Level 1.0 Maces & Flails
 + Level 1.0 Polearms
 + Level 1.0 Staves
 + Level 1.0 Slings
 + Level 1.0 Bows
 + Level 1.0 Crossbows
 + Level 1.0 Throwing
 + Level 1.0 Armour
 + Level 4.6 Dodging
 + Level 4.2 Stealth
 + Level 1.0 Shields
 + Level 1.0 Unarmed Combat
 + Level 7.1 Spellcasting
 + Level 2.1 Conjurations
 + Level 0.7 Hexes
 + Level 0.7 Charms
 + Level 2.1 Summonings
 + Level 0.7 Necromancy
 + Level 2.1 Translocations
 + Level 0.7 Transmutations
 + Level 0.7 Fire Magic
 + Level 0.7 Ice Magic
 + Level 0.7 Air Magic
 + Level 0.7 Earth Magic
 + Level 0.7 Poison Magic
 + Level 1.0 Invocations
 + Level 1.0 Evocations


You had 16 spell levels left.
You knew the following spells:

 Your Spells              Type           Power        Failure   Level  Hunger
a - Magic Dart            Conj           ###.         3%          1    None


Dungeon Overview and Level Annotations

Branches:
Dungeon (3/15)

Altars:
Fedhas
Makhleb

Annotations:
D:3 rgaf's ghost, weakling DgEE


Innate Abilities, Weirdness & Mutations

Your experience applies equally to all skills.
You have very sharp teeth.
Your uncanny sense of smell can sniff out nearby items.


Message History

Rgaf's ghost barely misses you.
Casting: Magic Dart
Confirm with . or Enter, or press ? or * to list all spells.
Aiming: Magic Dart
Press: ? - help, Shift-Dir - straight line, f/p - rgaf's ghost
Aim: rgaf's ghost, wielding a weapon of venom (severely damaged)
The magic dart hits rgaf's ghost.
Rgaf's ghost is almost destroyed.
* * * LOW HITPOINT WARNING * * *
You feel sick. Rgaf's ghost hits you.
* * * LOW HITPOINT WARNING * * *
You are more poisoned.
Casting: Magic Dart
Confirm with . or Enter, or press ? or * to list all spells.
Aiming: Magic Dart
Press: ? - help, Shift-Dir - straight line, f/p - rgaf's ghost
Aim: rgaf's ghost, wielding a weapon of venom (almost destroyed)
The magic dart hits rgaf's ghost.
Rgaf's ghost is almost destroyed.
You die...

......# .......
.......#######
#.......#######
###...#........
.####.#........
.<.............
#######W.....(.
#@.......
#........
######### ∆


You could see rgaf's ghost.

Vanquished Creatures
  2 adders (D:2)
  3 worms (D:2)
  A dart slug (D:1)
  7 bats
  3 goblins
  7 hobgoblins
  3 kobolds (D:1)
  A ball python (D:2)
  A frilled lizard (D:1)
  A rat (D:2)
29 creatures vanquished.

Notes
Turn   | Place    | Note
-------+----------+-------------------------------------------
     0 | D:1      | prawnwizard the Gnoll Wizard began the quest for the Orb.
     0 | D:1      | Reached XP level 1. HP: 13/13 MP: 8/8
   603 | D:1      | Reached XP level 2. HP: 19/19 MP: 8/10
  1314 | D:2      | Found a burning altar of Makhleb.
  1331 | D:2      | Reached XP level 3. HP: 25/25 MP: 7/11
  1374 | D:2      | Found a blossoming altar of Fedhas.
  1725 | D:2      | Reached skill level 1 in Invocations
  2173 | D:2      | Reached skill level 1 in Fighting
  2173 | D:2      | Reached skill level 1 in Short Blades
  2173 | D:2      | Reached skill level 1 in Long Blades
  2173 | D:2      | Reached skill level 1 in Axes
  2173 | D:2      | Reached skill level 1 in Maces & Flails
  2173 | D:2      | Reached skill level 1 in Polearms
  2173 | D:2      | Reached skill level 1 in Staves
  2173 | D:2      | Reached skill level 1 in Slings
  2173 | D:2      | Reached skill level 1 in Bows
  2173 | D:2      | Reached skill level 1 in Crossbows
  2173 | D:2      | Reached skill level 1 in Throwing
  2173 | D:2      | Reached skill level 1 in Armour
  2173 | D:2      | Reached skill level 1 in Shields
  2173 | D:2      | Reached skill level 1 in Unarmed Combat
  2173 | D:2      | Reached skill level 1 in Evocations
  2242 | D:2      | Reached XP level 4. HP: 32/32 MP: 3/13
  2521 | D:3      | Noticed rgaf's ghost (weakling DgEE)
  2541 | D:3      | HP: 1/32 [rgaf's ghost (2)]
  2542 | D:3      | Succumbed to rgaf's ghost's poison

Skill      XL: |  1  2  3 |
---------------+----------+-----
Conjurations   | 2 |  2.1
Summonings     | 2 |  2.1
Translocations | 2 |  2.1
Invocations    | 1 |  1.0
Fighting       | 1 |  1.0
Short Blades   | 1 |  1.0
Long Blades    | 1 |  1.0
Axes           | 1 |  1.0
Maces & Flails | 1 |  1.0
Polearms       | 1 |  1.0
Staves         | 1 |  1.0
Slings         | 1 |  1.0
Bows           | 1 |  1.0
Crossbows      | 1 |  1.0
Throwing       | 1 |  1.0
Armour         | 1 |  1.0
Shields        | 1 |  1.0
Unarmed Combat | 1 |  1.0
Evocations     | 1 |  1.0
Dodging        | |  4.6
Stealth        | |  4.2
Spellcasting   | |  7.1
Hexes          | |  0.7
Charms         | |  0.7
Necromancy     | |  0.7
Transmutations | |  0.7
Fire Magic     | |  0.7
Ice Magic      | |  0.7
Air Magic      | |  0.7
Earth Magic    | |  0.7
Poison Magic   | |  0.7

Action                   |  1- 3 |  4- 6 || total
-------------------------+-------+-------++-------
Melee: Unarmed           |     4 |       ||     4
       Bite              |     1 |       ||     1
 Cast: Magic Dart        |    68 |    17 ||    85
  Eat: Chunk             |     4 |     1 ||     5
Armor: Robe              |     3 |     1 ||     4
Dodge: Dodged            |     9 |     2 ||    11
